 Dungeon Crawl Stone Soup version 0.31.0-11-ge490571c62 (webtiles) character file.

Game seed: 1874613387783274027

122238 tilp the Executioner (level 16, -5/154 HPs)
             Began as a Minotaur Berserker on Feb 6, 2024.
             Was a High Priest of Trog.
             Killed by an exploding bloated husk (24 damage)
             ... on level 2 of the Swamp.
             The game lasted 00:35:56 (25795 turns).

tilp the Executioner (Minotaur Berserker)          Turns: 25795, Time: 00:35:57

Health: -5/154     AC: 22    Str: 29    XL:     16   Next: 34%
Magic:  1/15       EV: 19    Int:  4    God:    Trog [*****.]
Gold:   2082       SH:  5    Dex: 11    Spells: 15/15 levels left

rFire   . . .        a - +6 battleaxe
rCold   + + .        (shield currently unavailable)
rNeg    . . .        m - +0 ice dragon scales
rPois   .            B - +1 hat {SInv}
rElec   .            n - +0 cloak
rCorr   .            K - +2 pair of gloves {infuse}
SInv    +            q - +1 pair of boots {rF+}
Will    +....        j - amulet of reflection Stlth
                     g - +5 ring of evasion
HPRegen 0.45/turn    c - ring of flight
MPRegen 0.14/turn

%: reflection, infuse magic (1 MP)
@: on berserk cooldown, flying, slowed, very slow
A: horns 2, retaliatory headbutt
a: Renounce Religion, Berserk, Trog's Hand, Brothers in Arms


You were on level 2 of the Swamp.
You worshipped Trog.
Trog was extremely pleased with you.
You visited 4 branches of the dungeon, and saw 24 of its levels.
You also visited: Gauntlet.

You collected 2567 gold pieces.
You spent 485 gold pieces at shops.

Inventory:

Hand Weapons
 a - a +6 battleaxe (weapon)
 b - a +3 executioner's axe of electrocution
 L - a +1 antimagic executioner's axe
Missiles
 p - 28 boomerangs (quivered)
 s - 20 poisoned darts
 H - 8 silver javelins {!f}
Armour
 h - the +0 hat of the Thistle {rElec Stlth+}
   (You found it in a Gauntlet)

   rElec:     It insulates you from electricity.
   Stlth+:    It makes you more stealthy.
 m - +0 ice dragon scales (worn)
 n - a +0 cloak (worn)
 q - a +1 pair of boots of fire resistance (worn)
 B - a +1 hat of see invisible (worn)
 K - a +2 pair of gloves of infusion (worn)
 U - +0 fire dragon scales
 Y - a +2 kite shield
Jewellery
 c - a ring of flight (right hand)
 g - a +5 ring of evasion (left hand)
 j - an amulet of reflection (around neck)
 r - a ring of protection from cold
 z - a +4 ring of slaying
 S - a ring of resist corrosion
 Z - an amulet of regeneration
Wands
 f - a wand of charming (22)
 u - a wand of flame (82)
 y - a wand of polymorph (5)
 F - a wand of quicksilver (26)
 G - a wand of roots (23)
 I - a wand of digging (5)
Scrolls
 i - a scroll of blinking
 x - 5 scrolls of fog
 C - 4 scrolls of immolation
 D - 5 scrolls of fear
 E - 3 scrolls of torment
 M - 3 scrolls of vulnerability
 N - a scroll of silence
 Q - a scroll of summoning
 R - 2 scrolls of brand weapon
 T - 6 scrolls of teleportation
 V - 3 scrolls of revelation
Potions
 d - 3 potions of haste
 e - 2 potions of invisibility
 l - 6 potions of curing
 o - a potion of heal wounds
 t - 4 potions of cancellation
 v - 3 potions of mutation
 w - a potion of berserk rage
 A - a potion of resistance
 J - 3 potions of magic
 O - a potion of might
 P - 5 potions of ambrosia
Miscellaneous
 k - a phantom mirror
 W - a box of beasts
 X - a condenser vane


   Skills:
 + Level 16.8 Fighting
 * Level 21.1 Axes
 + Level 9.3 Throwing
 + Level 11.3 Armour
 + Level 11.1 Dodging
 - Level 2.0 Stealth
 + Level 9.0 Evocations


You had 15 spell levels left.
You didn't know any spells.
Your spell library was empty.

Dungeon Overview and Level Annotations

Branches:
Dungeon (15/15)            Temple (0/1) D:6            Lair (5/5) D:11
  Swamp (2/4) Lair:3        Snake (0/4) Lair:2        Slime (0/5) Lair:4
    Orc (2/2) D:9             Elf (0/3) Orc:2        Vaults (0/5) D:13
 Depths (0/4) D:15        Gauntlet (visited)

Altars:
Ashenzari
Dithmenos
Gozag
Hepliaklqana
Kikubaaqudgha
Okawaru
Qazlal
Sif Muna
Trog
Uskayaw
Wu Jian
Yredelemnul
Zin
Jiyva
Lugonu

Shops:
D:4 *   D:9 :[*   D:13 (   D:15 !:   Orc:2 (:*[

Portals:
Abyss: Lair:5

Annotations:
Lair:4 1 runed translucent door (azure jelly)


Innate Abilities, Weirdness & Mutations

You have a pair of horns on your head.
You reflexively headbutt those who attack you in melee.


Message History

A bloated husk comes into view.
The bloated husk explodes!
The blast of putrescent gases engulfs you!!
* * * LOW HITPOINT WARNING * * *
The blast of putrescent gases engulfs the spriggan rider!!!
The hornet dies!
The spriggan falls from its now dead mount.
The blast of putrescent gases engulfs the will-o-the-wisp!!
The will-o-the-wisp engulfs you but does no damage.
You hear a shout!
You open the will-o-the-wisp like a pillowcase!!!
You destroy the will-o-the-wisp!
Trog accepts your kill.
Unknown command.
The spriggan hits you but does no damage.
Things that are here:
+0 swamp dragon scales; a swamp dragon corpse Unknown command.
The spriggan blocks your attack.
Your headbutt misses the spriggan.
The spriggan is lightly wounded.
You closely miss the spriggan. Your headbutt misses the spriggan.
The spriggan is lightly wounded.
The spriggan hits you but does no damage.
You slice the spriggan!!
You kill the spriggan!
Trog accepts your kill.
You hear a splash. x2
Items here: ) [ ††.
You feel a strong urge to attack something.
Things that are here:
a wand of roots (8); a +0 robe; a fenstrider witch corpse You feel your anger nearly subside.
You are no longer berserk.
You are exhausted.
You feel yourself slow down.
A tyrant leech comes into view.
There is a stone staircase leading up here.
You feel better.
The bloated husk explodes!
The blast of putrescent gases engulfs you!!
You die...

♣.~~.~..♣
♣.....♣.♣
♣...~..♣
♣♣††~~♣~♣
♣.~[)♣~~♣♣
♣♣~/~~~~~♣
♣~...♣♣§~)~
♣.§~~.....♣
♣@~...~.~.
♣..~~.~.~~
♣~~.~♣~..~
.~...~..~~
.~~~~.~.~♣~
♣§w~§.~.~.
.~~..§~~~.
.♣.~~~♣..♣


You could see a tyrant leech.

Vanquished Creatures
  Jorgrun (D:12)
  Rupert (Orc:1)
  Gastronok (D:11)
  Donald (Orc:2)
  Roxanne (D:15)
  A fenstrider witch (Swamp:2)
  Nessos (D:12)
  A quicksilver ooze (Gauntlet)
  A stone giant (D:15)
  A minotaur (Gauntlet)
  A bunyip (Swamp:1)
  The ghost of Nilihum the Devastator, a journeyman DECj of Vehumet (Lair:5)
  The ghost of jombi the Sage, a journeyman DsHW of Sif Muna (Lair:4)
  Josephine (D:10)
  The ghost of lugworm the Mimic, a journeyman DrSh of Wu Jian (Lair:2)
  The ghost of xelsha the Fighter, a journeyman GrAE of Sif Muna (Lair:2)
  A vault guard (D:13)
  4 hydras
  A rakshasa (D:15)
  4 alligators (Swamp:1)
  3 boulder beetles
  5 centaur warriors
  The ghost of Shym the Slicer, a journeyman VSEE of Hepliaklqana (Lair:2)
  A death yak (Lair:5)
  A two-headed ogre (D:12)
  3 tengu warriors
  The ghost of Torious the Nimble, a journeyman DECj of Sif Muna (D:10)
  3 thrashing horrors (Lair:5)
  4 orc high priests (Orc:2)
  Nergalle (Lair:2)
  5 skeletal warriors (D:15)
  2 skysharks
  A glowing orange brain (D:13)
  A goliath frog (Swamp:1)
  Lodul (D:11)
  A bog body (Swamp:1)
  A swamp dragon (Swamp:2)
  A deep troll (D:15)
  2 spriggan druids (Lair:3)
  3 orc knights (Orc:2)
  Pikel (D:4)
  A necromancer (D:15)
  3 ugly things
  5 deep elf pyromancers
  4 orc sorcerers (Orc:2)
  A worldbinder (Gauntlet)
  6 cyclopes
  Maurice (D:9)
  2 manticores
  A will-o-the-wisp (Swamp:2)
  2 kobold blastminers (Orc:2)
  10 elephants
  A rust devil (Gauntlet)
  3 gargoyles
  4 smoke demons (Lair:5)
  6 black mambas
  4 torpor snails
  A large abomination (Lair:5)
  11 cane toads
  A freezing wraith (D:14)
  3 rime drakes
  Jeremiah (D:7)
  7 komodo dragons
  2 minotaur zombies (Gauntlet)
  A tengu conjurer (D:14)
  A queen bee (shapeshifter) (D:13)
  A polar bear (Lair:4)
  6 tyrant leeches
  6 trolls
  15 hornets
  2 raiju (Lair:5)
  28 blink frogs
  7 dream sheep
  7 slime creatures
  Sigmund (D:5)
  8 wyverns
  2 spriggans
  2 ynoxinuls
  26 yaks
  5 basilisks
  5 wraiths
  2 steam dragons
  A yak (shapeshifter) (Lair:5)
  13 vampire mosquitoes
  2 wargs
  Edmund (D:6)
  3 swamp worms
  2 chaos spawn (Lair:5)
  An acid dragon (D:12)
  2 nagas (Lair:2)
  15 water moccasins
  25 orc warriors
  A swamp drake (Swamp:1)
  Duvessa (D:6)
  5 ice beasts (D:11)
  A sky beast (D:6)
  A black bear (Lair:3)
  15 ogres
  11 small abominations (Lair:5)
  2 boggarts (Gauntlet)
  12 wolves
  18 centaurs
  A lemure (D:4)
  Blork the orc (D:5)
  7 bullfrogs
  A gnoll sergeant (D:10)
  11 wights
  4 scorpions
  Dowan (D:6)
  6 killer bees
  3 electric eels
  6 howler monkeys
  3 hounds
  2 jellies
  2 gnoll boudas
  12 orc priests
  Crazy Yiuf (D:3)
  4 iron imps (Gauntlet)
  Jessica (D:2)
  Terence (D:3)
  2 iguanas
  13 orc wizards
  10 adders
  14 gnolls
  3 white imps
  A howler monkey simulacrum (D:10)
  An ufetubus (D:6)
  5 ribbon worms
  4 dart slugs
  60 orcs
  10 ball pythons
  8 bats
  3 endoplasms
  3 giant cockroaches
  6 goblins
  6 hobgoblins
  6 jackals
  7 kobolds
  4 quokkas
  3 frilled lizards
  9 rats
650 creatures vanquished.

Vanquished Creatures (collateral kills)
  An orc warlord (Orc:2)
  A troll (Orc:2)
  2 orc warriors (Orc:2)
  An orc (Orc:2)
5 creatures vanquished.

Vanquished Creatures (others)
  3 bloated husks
  A hornet (Swamp:2)
  A vampire mosquito (Swamp:1)
  An orc (D:6)
  2 foxfires (Swamp:2)
8 creatures vanquished.

Grand Total: 663 creatures vanquished

Notes
Turn   | Place    | Note
-------+----------+-------------------------------------------
     0 | D:1      | tilp the Minotaur Berserker began the quest for the Orb.
     0 | D:1      | Reached XP level 1. HP: 19/19 MP: 0/0
   132 | D:1      | Reached XP level 2. HP: 17/27 MP: 1/1
   195 | D:1      | Reached skill level 4 in Axes
   429 | D:1      | Found a faded altar of an unknown god.
   442 | D:1      | Reached XP level 3. HP: 27/33 MP: 2/2
   562 | D:1      | HP: 1/33 [poisoned by a kobold]
   904 | D:2      | Reached ** piety under Trog
   952 | D:2      | Reached skill level 1 in Stealth
  1187 | D:2      | Noticed Jessica
  1197 | D:2      | Killed Jessica
  1198 | D:2      | Reached XP level 4. HP: 40/40 MP: 3/3
  1770 | D:3      | Found an iron altar of Okawaru.
  1820 | D:3      | Found a runed translucent door.
  1821 | D:3      | Noticed Crazy Yiuf
  2222 | D:3      | Found a stormy altar of Qazlal.
  2243 | D:3      | Reached XP level 5. HP: 46/46 MP: 4/4
  2448 | D:3      | Reached skill level 5 in Axes
  2508 | D:3      | Noticed Terence
  2521 | D:3      | Killed Terence
  2871 | D:3      | Killed Crazy Yiuf
  2872 | D:3      | Reached skill level 1 in Evocations
  2969 | D:4      | Reached XP level 6. HP: 51/53 MP: 5/5
  3086 | D:4      | Found Kaucsyje's Fire Supplies.
  3093 | D:4      | Bought a +0 pair of boots of fire resistance for 161 gold
                  | pieces
  3258 | D:4      | Noticed Pikel
  3279 | D:4      | Killed Pikel
  3280 | D:4      | Reached skill level 5 in Fighting
  3280 | D:4      | Reached skill level 7 in Axes
  3280 | D:4      | Reached XP level 7. HP: 61/61 MP: 6/6
  3495 | D:5      | Entered Level 5 of the Dungeon
  3504 | D:5      | Reached *** piety under Trog
  3621 | D:5      | Noticed Blork the orc
  3629 | D:5      | Killed Blork the orc
  3701 | D:5      | Noticed Sigmund
  3709 | D:5      | Killed Sigmund
  3710 | D:5      | Reached skill level 5 in Dodging
  3710 | D:5      | Reached XP level 8. HP: 70/70 MP: 7/7
  3842 | D:5      | Reached skill level 8 in Axes
  4266 | D:6      | Noticed Duvessa
  4266 | D:6      | Noticed Dowan
  4273 | D:6      | Killed Dowan
  4278 | D:6      | Killed Duvessa
  4408 | D:6      | Found a staircase to the Ecumenical Temple.
  4457 | D:6      | Noticed Edmund
  4465 | D:6      | Killed Edmund
  4470 | D:6      | Reached skill level 9 in Axes
  4535 | D:6      | Reached XP level 9. HP: 79/79 MP: 8/8
  4602 | D:6      | Found a bloodstained altar of Trog.
  4602 | D:6      | Found a shadowy altar of Dithmenos.
  4780 | D:6      | Found a hazy altar of Hepliaklqana.
  4858 | D:6      | Found an opulent altar of Gozag.
  4976 | D:7      | Noticed Jeremiah
  4992 | D:7      | Killed Jeremiah
  4993 | D:7      | Reached skill level 10 in Axes
  4993 | D:7      | Reached skill level 1 in Throwing
  5301 | D:7      | Noticed a troll
  5307 | D:7      | Killed a troll
  5336 | D:7      | You fall into a shaft and drop 3 floors!
  5336 | D:10     | Entered Level 10 of the Dungeon
  5418 | D:9      | Reached skill level 11 in Axes
  5445 | D:9      | Reached **** piety under Trog
  5455 | D:9      | Found Mootait's Book Shoppe.
  5455 | D:9      | Found Oqeat's Antique Armour Shoppe.
  5457 | D:9      | Found Feegal's Assorted Antiques.
  5483 | D:8      | Found a broken altar of Ashenzari.
  5556 | D:9      | Found a hide-covered altar of Uskayaw.
  5815 | D:7      | Reached XP level 10. HP: 90/90 MP: 9/9
  6521 | D:8      | Reached skill level 12 in Axes
  7238 | D:9      | Found an ornate altar of the Wu Jian Council.
  7243 | D:9      | Found an ancient bone altar of Kikubaaqudgha.
  7245 | D:9      | Found a glowing silver altar of Zin.
  7384 | D:9      | Noticed Maurice
  7395 | D:9      | Killed Maurice
  7422 | D:9      | Reached skill level 13 in Axes
  7639 | D:9      | Found a staircase to the Orcish Mines.
  7710 | D:9      | Paralysed by a hornet for 2 turns
  7716 | D:9      | Reached skill level 10 in Fighting
  8016 | D:9      | Found a shimmering blue altar of Sif Muna.
  8086 | D:9      | Bought a pair of glowing gloves for 232 gold pieces
  8166 | D:10     | Noticed Josephine
  8180 | D:10     | Killed Josephine
  8181 | D:10     | Reached skill level 14 in Axes
  8190 | D:10     | Reached XP level 11. HP: 84/99 MP: 0/10
  8333 | D:10     | Found a transporter.
  8334 | D:10     | Noticed Torious's ghost (journeyman DECj)
  8343 | D:10     | Found a transporter.
  8372 | D:10     | Found a basalt altar of Yredelemnul.
  8428 | D:10     | Reached ***** piety under Trog
  8989 | D:11     | Found a staircase to the Lair.
  9000 | D:11     | Reached skill level 5 in Armour
  9300 | D:11     | Reached skill level 5 in Throwing
  9403 | D:11     | Noticed Lodul
  9410 | D:11     | Killed Lodul
  9417 | D:11     | Reached skill level 5 in Evocations
  9527 | D:11     | Noticed a centaur warrior
  9533 | D:11     | Reached skill level 15 in Axes
  9538 | D:11     | Killed a centaur warrior
  9728 | D:11     | Noticed Gastronok
  9739 | D:11     | Killed Gastronok
 10480 | D:9      | Bought a fuming emerald potion for 28 gold pieces
 10480 | D:9      | Bought a scroll of identify for 64 gold pieces
 10545 | Lair:1   | Entered Level 1 of the Lair of Beasts
 10571 | Lair:1   | Reached XP level 12. HP: 76/110 MP: 0/11
 11544 | Lair:2   | Found a staircase to the Snake Pit.
 11952 | Lair:2   | Noticed Nergalle
 11960 | Lair:2   | Killed Nergalle
 11961 | Lair:2   | Reached skill level 16 in Axes
 12280 | Lair:2   | Found a runed translucent gate.
 12280 | Lair:2   | Found a runed translucent gate.
 12280 | Lair:2   | Found a runed translucent gate.
 12280 | Lair:2   | Noticed Shym's ghost (journeyman VSEE)
 12281 | Lair:2   | Noticed lugworm's ghost (journeyman DrSh)
 12281 | Lair:2   | Noticed xelsha's ghost (journeyman GrAE)
 12688 | Lair:2   | Reached XP level 13. HP: 118/118 MP: 12/12
 12730 | Lair:3   | Reached skill level 17 in Axes
 12924 | Lair:3   | Received a gift from Trog
 13263 | Lair:3   | Reached XP level 14. HP: 104/127 MP: 5/13
 13766 | Lair:3   | Found a staircase to the Swamp.
 14246 | Lair:4   | Identified the +5 flail of Prescription {protect, rPois}
 14423 | Lair:4   | Noticed jombi's ghost (journeyman DsHW)
 14425 | Lair:4   | Found a runed translucent door.
 14563 | Lair:4   | Found a runed translucent door.
 14564 | Lair:4   | Found a viscous altar of Jiyva.
 14586 | Lair:4   | Found a staircase to the Slime Pits.
 14586 | Lair:4   | Noticed an azure jelly
 14586 | Lair:4   | Noticed an azure jelly
 14786 | Lair:4   | Killed jombi's ghost
 14862 | Lair:5   | Entered Level 5 of the Lair of Beasts
 15286 | Lair:5   | Reached skill level 18 in Axes
 15298 | Lair:5   | Reached skill level 10 in Dodging
 15526 | Lair:5   | Found a runed translucent gate.
 15526 | Lair:5   | Found a runed translucent gate.
 15526 | Lair:5   | Found a runed translucent gate.
 15528 | Lair:5   | Noticed Nilihum's ghost (journeyman DECj)
 15673 | Lair:5   | Received a gift from Trog
 16322 | Lair:5   | Reached skill level 10 in Armour
 16731 | Lair:5   | Reached skill level 19 in Axes
 16818 | Lair:5   | Found a corrupted altar of Lugonu.
 16819 | Lair:5   | Found a one-way gate to the infinite horrors of the Abyss.
 17085 | Lair:5   | Killed Nilihum's ghost
 17298 | Lair:2   | Killed Shym's ghost
 17305 | Lair:2   | Killed lugworm's ghost
 17311 | Lair:2   | Killed xelsha's ghost
 17400 | Lair:2   | Identified the +3 shortbow of Indomitability {freeze, rElec
                  | Will+ Int+3}
 17429 | Lair:2   | Identified the +7 hand axe "Oriteigo" {freeze, *Noise Int+5
                  | SInv}
 17564 | D:10     | Killed Torious's ghost
 17733 | Orc:1    | Entered Level 1 of the Orcish Mines
 17873 | Orc:2    | Entered Level 2 of the Orcish Mines
 17873 | Orc:2    | Noticed Rupert
 17873 | Orc:2    | Found Tameleqe's Antique Armour Boutique.
 17884 | Orc:1    | Killed Rupert
 17885 | Orc:1    | Reached XP level 15. HP: 139/139 MP: 9/14
 18203 | Orc:2    | Noticed Donald
 18214 | Orc:2    | Killed Donald
 18215 | Orc:2    | Reached skill level 20 in Axes
 18221 | Orc:2    | Reached skill level 15 in Fighting
 18835 | Orc:2    | Found Satyalue's Book Shop.
 18879 | Orc:2    | Found a staircase to the Elven Halls.
 18947 | Orc:2    | Found Yxos's General Store.
 19302 | Orc:2    | Found Hioqirr's Antique Weapon Emporium.
 19437 | Orc:1    | Received a gift from Trog
 19795 | D:12     | Noticed Jorgrun
 19800 | D:12     | Killed Jorgrun
 20438 | D:12     | Noticed Nessos
 20442 | D:12     | Killed Nessos
 21040 | D:13     | Found Duseerep's Antique Weapon Shop.
 21382 | D:13     | Found a gate to the Vaults.
 22596 | D:15     | Entered Level 15 of the Dungeon
 22596 | D:15     | Found a gate leading to a gauntlet.
 22606 | Gauntlet | Entered a Gauntlet
 22606 | Gauntlet | Found a transporter.
 22606 | Gauntlet | Found a transporter.
 22618 | Gauntlet | Found a transporter.
 22636 | Gauntlet | Found a transporter.
 22636 | Gauntlet | Found a transporter.
 22638 | Gauntlet | Found a transporter.
 22638 | Gauntlet | Found a transporter.
 22640 | Gauntlet | Found a transporter.
 22650 | Gauntlet | Found a transporter.
 22666 | Gauntlet | Found a transporter.
 22676 | Gauntlet | Found a transporter.
 22681 | Gauntlet | Found a transporter.
 22715 | Gauntlet | Found a transporter.
 22723 | Gauntlet | Found a runed translucent door.
 22725 | Gauntlet | Found a runed translucent door.
 22727 | Gauntlet | Found a transporter.
 22784 | Gauntlet | Identified the +0 hat of the Thistle {rElec Stlth+}
 23019 | Gauntlet | Identified the -2 pair of gloves "Hupruge" {Dex+3}
 23238 | D:14     | Identified a scroll of acquirement
 23238 | D:14     | Acquired a +1 antimagic executioner's axe
 23436 | D:15     | Found a staircase to the Depths.
 23446 | D:15     | Reached XP level 16. HP: 73/152 MP: 11/15
 23761 | D:15     | Found Xocryl's Book Emporium.
 23783 | D:15     | Found Faimets's Distillery.
 24053 | D:15     | Found a broken altar of Ashenzari.
 24123 | D:15     | Noticed Roxanne
 24361 | D:15     | Killed Roxanne
 24885 | Swamp:1  | Entered Level 1 of the Swamp
 25114 | Swamp:1  | Reached skill level 21 in Axes
 25482 | Swamp:1  | Received a gift from Trog
 25500 | Swamp:1  | Identified the +2 scale mail of Xom's Hope {Int+3 SInv}
 25795 | Swamp:2  | Killed by an exploding bloated husk

Illustrated notes

Levels and vault maps discovered:
D:1:      dpeg_arrival_simpleton_c, layout_loops_ring,
          shapermc_ecumenical_altar_acropolis
D:2:      layout_basic, serial_glass, glass_columns_c, glass_columns_a,
          minmay_pentomino_s4, uniq_jessica
D:3:      layout_basic, mainiacjoe_overflow_catwalk, okawaru_ov_weapons_minmay,
          chequers_big_river, nrook_mini_vaults, roderic_lattice_a,
          uniq_crazy_yiuf_cottage, uniq_terence
D:4:      layout_rooms, chequers_serial_rivers_large_a, nicolae_shop_fire_sale
          [nicolae_sub_dead_trees], uniq_pikel
D:5:      layout_loops_ring, uniq_sigmund, uniq_blork_the_orc
D:6:      layout_cave_pools, nzn_hepliaklqana_mist_gate, jmf_multi_god_temple,
          kennysheep_mini, minmay_temple_entry_mist, uniq_duvessa, uniq_edmund
D:7:      layout_loops_ring, minmay_fractal_squares_gapless_5, uniq_jeremiah
D:8:      layout_cave_pods, nicolae_overflow_hidden_temple
D:9:      layout_basic, general_overflow_altar, lemuel_tele_altar,
          grunt_temple_overflow_open, david_orc_5,
          nicolae_shop_distant_corner_stores, uniq_maurice
D:10:     layout_long_grid, mainiacjoe_overflow_small_starburst,
          gammafunk_ghost_arena, kennysheep_generic_room_5, uniq_josephine
D:11:     layout_stronghold, hellmonk_lair_entry_icy, uniq_gastronok, uniq_lodul
D:12:     layout_stronghold, hive_lemuel, uniq_jorgrun, uniq_nessos
D:13:     layout_roguey, hellmonk_vaults_order_and_chaos, serial_shops, shop
D:14:     layout_rooms, patterned_corridor
D:15:     hangedman_depths_entry_civil_slaughter, layout_basic,
          gauntlet_entry_generic, nicolae_ashenzari_skybound, serial_shops,
          shop, shop, uniq_roxanne
Lair:1:   layout_hall_layers, lemuel_fruit_tree, serial_bayou_shore_b,
          lemuel_fruit_fields
Lair:2:   layout_chaotic_city, guppyfry_snake_entry_island,
          gammafunk_ghost_cemetery, infiniplex_staircase_pool, uniq_nergalle
Lair:3:   layout_regular_city, mainiacjoe_swamp_entry_angry_trees, minivault_24,
          infiniplex_staircase_pool_2
Lair:4:   layout_gridlike, slime_entry_2, hellmonk_ghost_happy_afterlife
Lair:5:   hellmonk_lair_end_abyssal_woods, layout_cave_pods,
          gammafunk_ghost_split, st_stairs_8
Swamp:1:  layout_basic_swamp, nicolae_swamp_bean_lake
Swamp:2:  layout_falls_marsh, nicolae_swamp_small_spring
Orc:1:    layout_caves
Orc:2:    grunt_orc_gardens, layout_caves, grunt_orc_garden, grunt_orc_garden,
          grunt_orc_garden, grunt_orc_garden, uniq_donald, uniq_rupert

Skill      XL: |  1  2  3  4  5  6  7  8  9 10 11 12 13 14 15 16 |
---------------+-------------------------------------------------+-----
Axes           | 4 5 7 9 11 14 15 16 17 19 20 21 | 21.1
Fighting       | 4 5 6 7 8 10 11 12 14 16 | 16.8
Armour         | 3 4 6 8 10 11 | 11.3
Stealth        | 1 2 |  2.0
Dodging        | 3 4 5 6 7 8 9 10 11 | 11.1
Evocations     | 1 2 3 4 5 6 7 8 9 |  9.0
Throwing       | 3 4 5 7 8 9 |  9.3

Action                     |  1- 3 |  4- 6 |  7- 9 | 10-12 | 13-15 | 16-18 || total
---------------------------+-------+-------+-------+-------+-------+-------++-------
  Melee: Hand axe          |    90 |   128 |   227 |   114 |       |       ||   559
         Headbutt          |     8 |    15 |    38 |    78 |   179 |    21 ||   339
         Punch             |       |     1 |     5 |       |       |       ||     6
         Broad axe         |       |       |       |   240 |   554 |       ||   794
         Battleaxe         |       |       |       |       |   171 |   125 ||   296
         Executioner's axe |       |       |       |       |       |    14 ||    14
  Throw: Boomerang         |       |       |       |     1 |     8 |     5 ||    14
 Invoke: Berserk           |     1 |     3 |    13 |     9 |    15 |     1 ||    42
         Trog's Hand       |       |       |       |     2 |     2 |       ||     4
         Brothers in Arms  |       |       |       |       |     1 |       ||     1
  Evoke: Wand              |       |       |       |     1 |     2 |     4 ||     7
    Use: Scroll            |     2 |     3 |     6 |    11 |     8 |     2 ||    32
         Potion            |       |       |       |     1 |     1 |     5 ||     7
   Stab: Petrifying        |       |       |       |       |     1 |       ||     1
         Distracted        |       |       |       |       |     1 |       ||     1
 Armour: Animal skin       |    44 |       |       |       |       |       ||    44
         Ring mail         |    13 |     8 |       |       |       |       ||    21
         Chain mail        |       |     8 |       |       |       |       ||     8
         Plate armour      |       |    41 |       |       |       |       ||    41
         Ice dragon scales |       |    12 |    96 |   207 |   402 |    71 ||   788
  Dodge: Dodged            |    78 |    84 |   115 |   181 |   361 |    70 ||   889
  Block: Other             |       |    18 |    40 |       |    34 |    16 ||   108
         Buckler           |       |       |     5 |    67 |       |       ||    72
         Reflection        |       |       |     3 |     9 |    13 |       ||    25
         Kite shield       |       |       |       |   112 |   294 |       ||   406
